 Dungeon Crawl Stone Soup version 0.31-a0-102-g33a4ccc0cb (webtiles) character file.

Game seed: 17498407131909015350

303 oufan the Covered (level 6, 0/55 HPs)
             Began as a Minotaur Fighter on May 26, 2023.
             Slain by a black bear (4 damage)
             ... on level 4 of the Dungeon.
             The game lasted 00:07:26 (363 turns).

oufan the Covered (Minotaur Fighter)                 Turns: 363, Time: 00:07:26

Health: 0/55       AC:  8    Str: 22    XL:     6   Next: 15%
Magic:  5/5        EV: 10    Int:  5    God:
Gold:   89         SH:  4    Dex: 10    Spells: 5/5 levels left

rFire   . . .        a - +0 war axe
rCold   . . .        c - +0 buckler
rNeg    . . .        b - +1 scale mail
rPois   .            (helmet restricted)
rElec   .            (no cloak)
rCorr   .            (no gloves)
SInv    .            (no boots)
Will    .....        (no amulet) Stlth
                     (no ring)
HPRegen 0.29/turn    (no ring)
MPRegen 0.09/turn

%: no passive effects
@: no status effects
A: horns 2, retaliatory headbutt
a: no special abilities


You were on level 4 of the Dungeon.
You visited 1 branch of the dungeon, and saw 4 of its levels.

You collected 89 gold pieces.

Inventory:

Hand Weapons
 a - a +0 war axe (weapon)
 e - a +0 dagger
 f - a +0 whip
 j - a +0 scythe
 m - a +0 spear
 n - a +0 flail
 o - a +0 whip
 p - a +0 halberd
 q - a +0 short sword
Missiles
 l - 4 poisoned darts (quivered)
 r - 4 stones
Armour
 b - a +1 scale mail (worn)
 c - a +0 buckler (worn)
 h - a +0 robe
 s - a +0 robe
 t - a +1 ring mail of positive energy
Scrolls
 g - a scroll of identify
 k - a scroll of fear {unknown}
Potions
 d - a potion of might
 i - a potion of curing {unknown}


   Skills:
 + Level 4.8 Fighting
 + Level 4.7 Axes
 + Level 5.4 Armour
 + Level 1.5 Dodging
 + Level 4.6 Shields


You had 5 spell levels left.
You didn't know any spells.
Your spell library was empty.

Dungeon Overview and Level Annotations

Branches:
Dungeon (4/15)
 Temple: D:4-7

Altars:


Innate Abilities, Weirdness & Mutations

You have a pair of horns on your head.
You reflexively headbutt those who attack you in melee.


Message History

The gnoll hits you but does no damage. The gnoll barely misses you.
You slash the gnoll!
You kill the gnoll!
You slash the gnoll!
You kill the gnoll!
Things that are here:
a +0 spear; a gnoll corpse
m - a +0 spear
Things that are here:
a +0 flail; a gnoll corpse
n - a +0 flail
Items here: ( ))) [ †.
o - a +0 whip
p - a +0 halberd
q - a +0 short sword
r - 4 stones
s - a +0 robe You see here a scorpion corpse.
Things that are here:
a +0 whip; a +1 ring mail of positive energy; an orc corpse
t - a +1 ring mail of positive energy
Okay, then.
You don't know any spells.
You see here a scorpion corpse.
You see here a gnoll corpse.
Found a stone staircase leading down.
You now have 89 gold pieces (gained 13).
A black bear comes into view.
The black bear growls angrily.
You completely miss the black bear. Your headbutt misses the black bear.
The black bear bites you.
* * * LOW HITPOINT WARNING * * *
The black bear claws you.
* * * LOW HITPOINT WARNING * * *
The black bear closely misses you. The black bear bites you.
* * * LOW HITPOINT WARNING * * *
The black bear claws you.
* * * LOW HITPOINT WARNING * * *
The black bear claws you.
You die...

##### .... ...
... #. #.### #.
#>.. #.####.##
#.....h.#
###.....@.#
..........#
####......#
######......#
............#
#####......#
######.##......#
..........†...##
######..#†#†#.#


You could see a black bear.

Vanquished Creatures
  Sigmund (D:2)
  A scorpion (D:4)
  A gnoll bouda (D:4)
  3 gnolls (D:4)
  An orc (D:4)
  2 ball pythons (D:1)
  An endoplasm (D:1)
  A goblin (D:1)
  2 jackals (D:3)
  5 bats
  A frilled lizard (D:2)
  2 kobolds
21 creatures vanquished.

Notes
Turn   | Place    | Note
-------+----------+-------------------------------------------
     0 | D:1      | oufan the Minotaur Fighter began the quest for the Orb.
     0 | D:1      | Reached XP level 1. HP: 19/19 MP: 0/0
    51 | D:1      | Reached skill level 4 in Armour
   108 | D:1      | Reached XP level 2. HP: 25/27 MP: 1/1
   146 | D:2      | Noticed Sigmund
   155 | D:2      | Killed Sigmund
   156 | D:2      | Reached skill level 5 in Armour
   156 | D:2      | Reached skill level 1 in Dodging
   156 | D:2      | Reached XP level 3. HP: 27/34 MP: 2/2
   156 | D:2      | Reached XP level 4. HP: 33/41 MP: 3/3
   156 | D:2      | Reached XP level 5. HP: 38/47 MP: 4/4
   321 | D:4      | Reached XP level 6. HP: 5/55 MP: 5/5
   321 | D:4      | HP: 1/55 [gnoll/+0 spear[a gnoll bouda] (4)]
   363 | D:4      | Slain by a black bear

Illustrated notes

Levels and vault maps discovered:
D:1:      dpeg_arrival_shrine, layout_loops_ring,
          shapermc_ecumenical_altar_acropolis, minmay_hexomino_f4
D:2:      layout_loops_ring, uniq_sigmund
D:3:      layout_basic
D:4:      cheibrodos_thug_alley, layout_basic, kb_xom_exploding_sheep,
          biasface_ghost_orc_armoury, portal_sewer_entry_e, serial_glass,
          glass_columns_b, glass_columns_b, minmay_stone_trees_small,
          grunt_ministairs_2, uniq_eustachio

Skill      XL: |  1  2 |
---------------+-------+-----
Armour         | 4 5 |  5.4
Fighting       | 4 |  4.8
Axes           | 4 |  4.7
Dodging        | 1 |  1.5
Shields        | 4 |  4.6

Action                     |  1- 3 |  4- 6 || total
---------------------------+-------+-------++-------
  Melee: War axe           |    24 |    26 ||    50
         Headbutt          |       |     2 ||     2
    Use: Scroll            |     3 |     2 ||     5
 Armour: Scale mail        |    18 |    27 ||    45
  Dodge: Dodged            |    19 |    22 ||    41
  Block: Buckler           |     5 |     6 ||    11

Table legend: (Time is in decaauts)
 A = Elapsed time spent in this place.
 B = Non-inter-level travel time spent in this place.
 C = Inter-level travel time spent in this place.
 D = Time resting spent in this place.
 E = Time spent auto-exploring this place.
 F = Levels seen in this place.
 G = Mean time per level.
                   A        B        C        D        E       F      G
               +--------+--------+--------+--------+--------+-----+--------+
         Total |    380 |    377 |      3 |      0 |      0 |   4 |   95.0 |
       Dungeon |    380 |    377 |      3 |      0 |      0 |   4 |   95.0 |
               +--------+--------+--------+--------+--------+-----+--------+

Top non-repeatable levels by time:
     D:1: 154 daAuts
     D:4: 90 daAuts
     D:3: 85 daAuts
     D:2: 49 daAuts
